 Dungeon Crawl Stone Soup version 0.28.0-43-g3370ac3207 (webtiles) character file.

Game seed: 9714339945556150287

3174 bnorton916 the Ducker (level 9, 0/57 HPs)
             Began as a Barachi Ice Elementalist on Mar 23, 2022.
             Was a High Priest of Cheibriados.
             Killed from afar by a gargoyle (19 damage)
             ... with a stone arrow
             ... on level 7 of the Dungeon.
             The game lasted 00:22:15 (9619 turns).

bnorton916 the Ducker (Barachi Ice Elementalist)    Turns: 9619, Time: 00:22:16

Health: 0/57       AC: 10    Str: 20    XL:     9   Next: 95%
Magic:  13/16      EV: 18    Int: 36    God:    Cheibriados [*****.]
Gold:   256        SH:  0    Dex: 25    Spells: 6/17 levels left

rFire   . . .      SeeInvis .   a - +0 whip (elec)
rCold   . . .      Faith    .   (no shield)
rNeg    + . .      Spirit   .   r - +0 leather armour {rN+}
rPois   .          Reflect  .   A - +0 helmet
rElec   .          Harm     .   w - +0 cloak
rCorr   .          Rampage  .   x - +1 pair of gloves
Will    +....                   L - +1 pair of boots
Stlth   ++........              (no amulet)
HPRegen 0.19/turn               J - ring of willpower
MPRegen 0.15/turn               G - +6 ring of intelligence

@: freezing walls, studying Axes, very slow
A: amphibious, slowness 1, strong legs 1, +LOS
a: Hop, Renounce Religion, Bend Time, Temporal Distortion, Slouch, Step From
Time


You were on level 7 of the Dungeon.
You worshipped Cheibriados.
Cheibriados was extremely pleased with you.
You visited 2 branches of the dungeon, and saw 8 of its levels.
You also visited: Sewer.

You collected 289 gold pieces.
You spent 33 gold pieces at shops.

Inventory:

Hand Weapons
 a - a +0 whip of electrocution (weapon)
 f - a +2 short sword of venom
 y - a +3 short sword of freezing
 C - a +3 spear
Missiles
 g - 320 stones
 k - a throwing net
 o - 8 boomerangs
 F - 7 poisoned darts (quivered)
 I - a curare-tipped dart
Armour
 r - a +0 leather armour of positive energy (worn)
 w - a +0 cloak (worn)
 x - a +1 pair of gloves (worn)
 A - a +0 helmet (worn)
 L - a +1 pair of boots (worn)
Magical Staves
 H - a staff of cold
 K - a staff of poison
Jewellery
 m - a +4 ring of evasion
 s - a ring of resist corrosion
 E - a ring of see invisible
 G - a +6 ring of intelligence (right hand)
 J - a ring of willpower (left hand)
Wands
 h - a wand of flame (3)
 q - a wand of digging (9)
 u - a wand of acid (10)
Scrolls
 c - 5 scrolls of teleportation
 d - 3 scrolls of enchant armour
 j - a scroll of brand weapon
 l - 2 scrolls of fog
 v - a scroll of enchant weapon
 N - a scroll of fear {unknown}
Potions
 b - 3 potions of heal wounds {unknown}
 e - 2 potions of mutation {unknown}
 i - a potion of invisibility {unknown}
 n - 8 potions of curing
 p - 2 potions of might
 t - a potion of brilliance {unknown}
 z - 3 potions of cancellation
 B - a potion of flight {unknown}
 D - a potion of magic {unknown}
 M - a potion of haste {unknown}


   Skills:
 - Level 4.4 Armour
 - Level 7.9 Dodging
 - Level 1.7 Stealth
 - Level 4.9 Spellcasting
 + Level 6.1 Conjurations
 + Level 6.0 Fire Magic
 - Level 7.2 Ice Magic
 + Level 3.4 Invocations


You had 6 spell levels left.
You knew the following spells:

 Your Spells              Type           Power      Damage    Failure   Level
a - Freeze                Ice            100%       1d11      1%          1
b - Frozen Ramparts       Ice            100%       1d12      1%          3
c - Ozocubu's Armour      Ice            57%        N/A       1%          3
d - Sticky Flame          Conj/Fire      51%        2d7       3%          4

Your spell library contained the following spells:

 Spells                   Type           Power      Damage    Failure   Level
 Ensorcelled Hibernation  Hex/Ice        68%        N/A       1%          2
 Static Discharge         Conj/Air       30%        N/A       1%          2
 Inner Flame              Hex/Fire       30%        N/A       3%          3
 Hailstorm                Conj/Ice       54%        3d12      3%          4
 Blink                    Tloc           16%        N/A       7%          2
 Spider Form              Tmut/Pois      8%         N/A       14%         3
 Anguish                  Hex/Necr       4%         N/A       41%         4
 Cause Fear               Hex            4%         N/A       41%         4
 Dispel Undead            Necr           8%         3d8       41%         4
 Manifold Assault         Tloc           8%         N/A       77%         5
 Ozocubu's Refrigeration  Ice            28%        4d10      89%         7
 Storm Form               Tmut/Air       4%         N/A       100%        7
 Discord                  Hex            4%         N/A       100%        8


Dungeon Overview and Level Annotations

Branches:
Dungeon (7/15)             Temple (1/1) D:6           Sewer (visited)

Altars:
Ashenzari
Cheibriados
Makhleb
Vehumet
Xom
The Shining One

Shops:
D:2 (:!   D:5 *   D:6 *   D:7 *

Annotations:
D:7 2 runed translucent doors


Innate Abilities, Weirdness & Mutations

You are amphibious.
You cover ground slowly.
You can hop short distances.
You have an extended range of vision and can be seen from far away.


Message History

Found an escape hatch in the ceiling.
There is an entrance to Luhan's Assorted Antiques here.
Unknown command.
Unknown command.
There is an escape hatch in the ceiling here.
There is an entrance to Luhan's Assorted Antiques here.
You see here a +0 dagger.
You open the door.
Found a burning altar of Makhleb and a broken altar of Ashenzari.
There is an open door here.
There is an open door here.
You see here a +1 pair of boots.
There is a stone staircase leading up here.
There is a stone staircase leading up here.
You see here a +1 pair of boots.
Found a phial of floods.
Found a large runed translucent door.
g - 320 stones (gained 12)
You open the door.
A wyvern zombie comes into view.
Found a heavily runed chain mail.
Found a large runed translucent door.
Found a hand crossbow and a gnarled smoking staff.
Press: ? - help, v - describe, . - travel
Here: a gargoyle, wielding a +0 flail (dormant, fire blocked by a runed translucent door)
The floor.
You open the large door.
The orc wizard shouts!
The gargoyle hurls a stone arrow at you.
The stone arrow hits you!!
There is a large open translucent door, spattered with blood here.
Unknown command.
The gargoyle hits you with a +0 flail!
Casting: Ozocubu's Armour (safe; 1% risk of failure)
Confirm with . or Enter, or press ? or * to list all spells.
Casting: Frozen Ramparts (safe; 1% risk of failure)
Press: ? - help, Dir - look around, f - activate The walls around you are covered in ice.
The wall freezes the gargoyle!
The gargoyle hurls a stone arrow at you.
The stone arrow hits you!!
You die...

#.####[#####.#
#............)
#
#..########...
##Z #..# #.#.
#.# ##..# #...
#'###..## #...
######.....##
#...
##8|)8##.####
#.#.
.#8....8#@#
#...
.+....o.9.#
###'
.+......'.#
###...
.#8....8#..#
##.....
##8[}8##..#
#..⌠... #####
...# #.....8
.... ...#
##._.## ####
#..## #####
....


You could see a gargoyle and an orc wizard.

Vanquished Creatures
  Pikel (D:5)
  Grinder (D:5)
  Sigmund (D:5)
  Eustachio (D:5)
  A water moccasin (D:6)
  3 ice beasts
  An ogre (D:6)
  A black bear (D:5)
  A hornet zombie (D:5)
  A phantom (D:5)
  A lemure (D:5)
  Blork the orc (D:4)
  3 bullfrogs
  A kobold brigand (Temple)
  2 scorpions
  A wyvern skeleton (D:7)
  A water moccasin skeleton (D:4)
  3 howler monkeys
  A jelly (D:5)
  2 orc priests (D:7)
  2 hounds
  A gnoll shaman (D:5)
  2 iguanas
  Natasha (thrice) (D:3)
  6 orc wizards
  A killer bee zombie (D:7)
  Robin (D:4)
  8 gnolls
  A howler monkey skeleton (D:4)
  8 adders
  4 river rats (Sewer)
  A shadow imp (D:7)
  A white imp (D:7)
  An ufetubus (D:7)
  A dart slug (D:1)
  19 orcs
  2 bats
  4 endoplasms
  10 giant cockroaches
  19 goblins
  9 hobgoblins
  5 jackals
  7 kobolds
  5 quokkas
  27 ball pythons
  4 frilled lizards
  22 rats
202 creatures vanquished.

Vanquished Creatures (others)
  5 plants (D:1)
5 creatures vanquished.

Grand Total: 207 creatures vanquished

Notes
Turn   | Place    | Note
-------+----------+-------------------------------------------
     0 | D:1      | bnorton916 the Barachi Ice Elementalist began the quest for
                  | the Orb.
     0 | D:1      | Reached XP level 1. HP: 13/13 MP: 3/3
   170 | D:1      | Reached skill level 5 in Ice Magic
   306 | D:1      | Reached XP level 2. HP: 19/19 MP: 1/5
   874 | D:1      | Reached XP level 3. HP: 24/24 MP: 7/7
   995 | D:1      | Learned a level 3 spell: Frozen Ramparts
   999 | D:1      | Learned a level 3 spell: Ozocubu's Armour
  1520 | D:2      | Found Vetishro's Antique Weapon Boutique.
  1586 | D:2      | Reached XP level 4. HP: 21/30 MP: 5/9
  1982 | D:2      | Found Leduk's Book Shop.
  1997 | D:2      | Found Qiorcheiss's Distillery.
  2002 | D:2      | Bought a potion of curing for 33 gold pieces
  2148 | D:3      | Found a faded altar of an unknown god.
  2245 | D:3      | Noticed Natasha
  2248 | D:3      | Killed Natasha
  2249 | D:3      | Reached XP level 5. HP: 21/35 MP: 6/11
  2774 | D:3      | Found a shimmering altar of Xom.
  2829 | D:3      | Noticed Natasha
  2840 | D:3      | Killed Natasha
  2855 | D:3      | Noticed Natasha
  2862 | D:3      | Killed Natasha
  2863 | D:3      | Reached XP level 6. HP: 41/41 MP: 3/12
  3251 | D:4      | Noticed Blork the orc
  3263 | D:4      | Killed Blork the orc
  3321 | D:4      | Found a radiant altar of Vehumet.
  3327 | D:4      | Found a snail-covered altar of Cheibriados.
  3341 | D:4      | Found a glowing golden altar of the Shining One.
  3358 | D:4      | Became a worshipper of Cheibriados the Contemplative
  3384 | D:4      | Reached skill level 1 in Armour
  3401 | D:4      | Noticed Robin
  3410 | D:4      | Killed Robin
  3594 | D:4      | Reached * piety under Cheibriados
  3824 | D:5      | Entered Level 5 of the Dungeon
  4102 | D:5      | Reached XP level 7. HP: 41/46 MP: 7/14
  4166 | D:5      | Found Unkef's General Store.
  4179 | D:5      | Found a glowing drain.
  4327 | Sewer    | Entered a sewer
  4595 | Sewer    | Reached ** piety under Cheibriados
  5687 | Sewer    | Reached *** piety under Cheibriados
  5900 | D:5      | Noticed Pikel
  5908 | D:5      | Killed Pikel
  5909 | D:5      | Reached XP level 8. HP: 24/52 MP: 12/15
  6245 | D:5      | Learned a level 4 spell: Sticky Flame
  6322 | D:5      | Noticed Sigmund
  6351 | D:5      | Killed Sigmund
  6480 | D:5      | Noticed Eustachio
  6668 | D:5      | Killed Eustachio
  6669 | D:5      | Reached XP level 9. HP: 57/57 MP: 10/16
  6766 | D:5      | Noticed Grinder
  7728 | D:5      | Reached **** piety under Cheibriados
  7824 | D:5      | Reached skill level 1 in Invocations
  7850 | D:6      | Found a staircase to the Ecumenical Temple.
  7887 | Temple   | Entered the Ecumenical Temple
  8086 | D:6      | Reached skill level 5 in Conjurations
  8144 | D:6      | Reached skill level 5 in Fire Magic
  8168 | D:6      | Found Moacsa's Overcharged Wands.
  8474 | D:5      | Killed Grinder
  9442 | D:7      | Reached ***** piety under Cheibriados
  9515 | D:7      | Found Luhan's Assorted Antiques.
  9538 | D:7      | Found a burning altar of Makhleb.
  9538 | D:7      | Found a broken altar of Ashenzari.
  9606 | D:7      | Found a large runed translucent door.
  9606 | D:7      | Found a large runed translucent door.
  9613 | D:7      | Found a large runed translucent door.
  9613 | D:7      | Found a large runed translucent door.
  9613 | D:7      | Noticed a gargoyle
  9619 | D:7      | Killed from afar by a gargoyle

Illustrated notes

Levels and vault maps discovered:
D:1:      eino_arrival_water_cross, layout_loops_ring,
          chequers_decorated_corner, skrybe_limestone_x
D:2:      layout_rooms, serial_shops, shop, nicolae_shop_advertising_works
          [nicolae_subvault_shop_adworks], nicolae_shop_hallway_stairs
D:3:      layout_basic, xom_butterflies, ebering_ecumenical_altar_box,
          uniq_natasha
D:4:      cheibrodos_quashed, layout_cave_pools, minitemple, uniq_robin,
          uniq_blork_the_orc
D:5:      layout_basic, serial_shops, shop, portal_sewer_entry_f,
          grunt_ministairs_10, minmay_misc_feat_tiny, uniq_grinder,
          uniq_eustachio, uniq_sigmund, uniq_pikel
D:6:      hellmonk_destroyed_diamonds, layout_rooms, temple_statues,
          nicolae_shop_overcharged_wands
D:7:      layout_loops_cross, gammafunk_temple_overflow_pools, serial_shops,
          nicolae_shop_statue_plus, enter_bailey_7,
          minmay_hollow_rounded_squares
Temple:   eino_temple_scatter_basement

Skill      XL: |  1  2  3  4  5  6  7  8  9 |
---------------+----------------------------+-----
Ice Magic      | 5 6 7 |  7.2
Spellcasting   | 3 4 |  4.9
Armour         | 2 4 |  4.4
Dodging        | 3 7 |  7.9
Conjurations   | 3 6 |  6.1
Fire Magic     | 3 6 |  6.0
Invocations    | 3 |  3.4
Stealth        | |  1.7

Action                   |  1- 3 |  4- 6 |  7- 9 || total
-------------------------+-------+-------+-------++-------
Melee: Unarmed           |     8 |       |       ||     8
       Short sword       |    37 |    68 |    63 ||   168
       Punch             |       |     1 |     1 ||     2
       Whip              |       |       |   165 ||   165
Throw: Boomerang         |       |     3 |     3 ||     6
       Dart              |       |       |     4 ||     4
 Cast: Freeze            |    23 |    18 |     4 ||    45
       Frozen Ramparts   |     2 |    13 |    44 ||    59
       Ozocubu's Armour  |       |     4 |    16 ||    20
Evoke: Wand              |       |       |     5 ||     5
  Use: Scroll            |       |     9 |     5 ||    14
 Stab: Sleeping          |     1 |     1 |       ||     2
Armor: Robe              |    10 |    23 |    28 ||    61
       Leather armour    |       |       |    92 ||    92
Dodge: Dodged            |    41 |    60 |   262 ||   363
